 Dungeon Crawl Stone Soup version 0.30-a0-55-g90e3122c3a (webtiles) character file.

Game seed: 12708919745438515964

23 zishaf the Trooper (level 3, -17/31 HPs)
             Began as a Ghoul Warper on Sept 9, 2022.
             Engulfed by a cloud of flame (19 damage)
             ... on level 1 of the Dungeon.
             The game lasted 00:01:34 (840 turns).

zishaf the Trooper (Ghoul Warper)                    Turns: 840, Time: 00:01:34

Health: -17/31     AC:  3    Str: 16    XL:     3   Next: 0%
Magic:  4/4        EV: 11    Int:  8    God:
Gold:   54         SH:  0    Dex:  8    Spells: 5/5 levels left

rFire   . . .      SeeInvis .      - Unarmed
rCold   + . .      Faith    .    (no shield)
rNeg    + + +      Spirit   .    a - +0 leather armour
rPois   ∞          Reflect  .    (no helmet)
rElec   .          Harm     .    (no cloak)
rCorr   .          Rampage  .    (no gloves)
Will    .....                    (no boots)
Stlth   +.........               (no amulet)
HPRegen 0.10/turn                (no ring)
MPRegen 0.09/turn                (no ring)

@: no status effects
A: claws 1, cold resistance 1, negative energy resistance 3, inhibited
regeneration, torment resistance 2, devour on kill
a: no special abilities


You were on level 1 of the Dungeon.
You visited 1 branch of the dungeon, and saw 1 of its levels.

You collected 54 gold pieces.

Inventory:

Missiles
 c - 7 boomerangs of dispersal (quivered)
 g - 4 atropa-tipped darts
Armour
 a - a +0 leather armour (worn)
Scrolls
 b - a scroll of blinking
 e - a scroll of enchant armour {unknown}
 f - 2 scrolls of identify {unknown}
 h - a scroll of teleportation {unknown}
 i - a scroll of fear {unknown}
Potions
 d - a potion of flight {unknown}
 j - a potion of attraction {unknown}


   Skills:
 * Level 3.1 Fighting
 - Level 0.8 Throwing
 + Level 1.3 Armour
 + Level 2.1 Dodging
 - Level 2.1 Unarmed Combat
 - Level 1.7 Spellcasting
 - Level 2.6 Translocations


You had 5 spell levels left.
You didn't know any spells.
Your spell library contained the following spells:

 Spells                   Type           Power      Damage    Failure   Level
 Blink                    Tloc           10%        N/A       22%         2
 Gell's Gravitas          Tloc           5%         N/A       41%         3
 Lesser Beckoning         Tloc           5%         N/A       41%         3
 Teleport Other           Tloc           5%         N/A       41%         3
 Manifold Assault         Tloc           5%         N/A       99%         5


Dungeon Overview and Level Annotations

Branches:
Dungeon (1/15)

Altars:


Innate Abilities, Weirdness & Mutations

You are immune to poison.
You have sharp fingernails.
Your flesh is cold resistant. (rC+)
You are immune to negative energy. (rN+++)
You do not regenerate when monsters are visible.
You are immune to unholy pain and torment.
You thrive by killing the living.


Message History

No target in view!
A ball python comes into view.
The ball python hisses angrily.
A rat comes into view.
You scratch the ball python.
You kill the ball python!
The rat barely misses you.
You scratch the rat but do no damage. The rat closely misses you.
You scratch the rat but do no damage. The rat bites you but does no damage.
You closely miss the rat. The rat bites you but does no damage.
You scratch the rat.
You kill the rat!
No target in view!
A rat comes into view.
A rat is nearby!
The rat bites you but does no damage.
You closely miss the rat. The rat barely misses you.
You scratch the rat but do no damage. The rat barely misses you.
You scratch the rat but do no damage. The rat misses you.
You scratch the rat.
The rat is severely wounded.
The rat closely misses you.
You scratch the rat.
You kill the rat!
You have reached level 3!
Your experience leads to an increase in your attributes!
Increase (S)trength, (I)ntelligence, or (D)exterity?
You feel stronger. x2
Found a stone staircase leading down.
There is a stone staircase leading down here.
You see here a +0 short sword.
Really walk into a travel-excluded area?
Found a whip and 16 gold pieces.
You are engulfed in blazing flames.
Ouch! That really hurt!
You are engulfed in blazing flames.
* * * LOW HITPOINT WARNING * * *
You are engulfed in blazing flames.
Ouch! That really hurt!
You die...

##########. #.○§#
#........#. #..§#
#.######...
.#####...#####.# ###.
...§○.$.$.○§§..# #.
.○..$$$.○○§..# ##.
..$$...☼○..# #..
#...#####.# #.. #☼@○#
### #.. #§○§# ### #..
#§☼°# #.# #..
#####...#####.#######..
#...........)..#........
#......#######..........
#..$...# #.#........
#......# #.#######..
######)# #.# #..


There were no monsters in sight!

Vanquished Creatures
  A dart slug (D:1)
  2 endoplasms (D:1)
  A giant cockroach (D:1)
  5 hobgoblins (D:1)
  2 ball pythons (D:1)
  2 bats (D:1)
  A frilled lizard (D:1)
  3 kobolds (D:1)
  4 rats (D:1)
21 creatures vanquished.

Notes
Turn   | Place    | Note
-------+----------+-------------------------------------------
     0 | D:1      | zishaf the Ghoul Warper began the quest for the Orb.
     0 | D:1      | Reached XP level 1. HP: 17/17 MP: 2/2
    84 | D:1      | Reached skill level 1 in Armour
   186 | D:1      | Reached XP level 2. HP: 22/25 MP: 3/3
   623 | D:1      | Reached skill level 3 in Fighting
   686 | D:1      | Reached XP level 3. HP: 31/31 MP: 4/4
   840 | D:1      | Engulfed by a cloud of flame

Illustrated notes

Levels and vault maps discovered:
D:1:      spicycebolla_arrival_ecumenical, layout_loops_cross,
          lemuel_flame_loot_1

Skill      XL: |  1  2 |
---------------+-------+-----
Armour         | 1 |  1.3
Dodging        | 2 |  2.1
Fighting       | 3 |  3.1
Throwing       | |  0.8
Unarmed Combat | |  2.1
Spellcasting   | |  1.7
Translocations | |  2.6

Action                   || total
-------------------------++-------
Melee: Unarmed           ||    72
       Punch             ||     2
Armor: Leather armour    ||    18
Dodge: Dodged            ||    33

Table legend: (Time is in decaauts)
 A = Elapsed time spent in this place.
 B = Non-inter-level travel time spent in this place.
 C = Inter-level travel time spent in this place.
 D = Time resting spent in this place.
 E = Time spent auto-exploring this place.
 F = Levels seen in this place.
 G = Mean time per level.
                   A        B        C        D        E       F      G
               +--------+--------+--------+--------+--------+-----+--------+
         Total |    837 |    837 |      0 |      0 |    683 |   1 |  837.0 |
       Dungeon |    837 |    837 |      0 |      0 |    683 |   1 |  837.0 |
               +--------+--------+--------+--------+--------+-----+--------+

Top non-repeatable levels by time:
     D:1: 837 daAuts
